 Dungeon Crawl Stone Soup version 0.21-a0-426-g98080a9 (webtiles) character file.

11575 kae the Geomancer (level 11, -5/54 HPs)
             Began as a Gargoyle Earth Elementalist on Nov 7, 2017.
             Was a Priest of Vehumet.
             Slain by a vampire (11 damage)
             ... on level 11 of the Dungeon.
             The game lasted 00:13:37 (12084 turns).

kae the Geomancer (Gargoyle Earth Elementalist)    Turns: 12084, Time: 00:13:38

Health: -5/54      AC: 16    Str: 11    XL:     11   Next: 79%
Magic:  14/26      EV: 12    Int: 20    God:    Vehumet [***...]
Gold:   339        SH:  5    Dex: 10    Spells: 22/33 levels left

rFire    . . .     SeeInvis .   r - +3 mace (crush)
rCold    x . .     Gourm    .   m - +1 buckler
rNeg     + + .     Faith    .   L - +2 robe {rN+}
rPois    ∞         Spirit   .   T - +2 hat {MR+}
rElec    +         Reflect  .   d - +0 cloak
rCorr    +         Harm     .   S - +0 pair of gloves "Mafet" {rC- MR++ Regen+ rCorr} (curse)
MR       +++..                  (no boots)
Stlth    ++........             (no amulet)
HPRegen  0.58/turn              Q - ring of resist corrosion
MPRegen  0.20/turn              H - ring of wizardry

@: no status effects
A: negative energy resistance 1, electricity resistance, unbreathing,
petrification resistance, rot immunity, AC +8
a: Renounce Religion


You were on level 11 of the Dungeon.
You worshipped Vehumet.
Vehumet was most pleased with you.
You were not hungry.

You visited 2 branches of the dungeon, and saw 12 of its levels.
You also visited: Sewer.

You collected 683 gold pieces.
You spent 344 gold pieces at shops.

Inventory:

Hand Weapons
 a - a +0 short sword of speed
 f - a +0 club
 k - a +0 quarterstaff
 r - a +3 mace of crushing (weapon)
Missiles
 b - 98 stones (quivered)
Armour
 d - a +0 cloak (worn)
 g - a +0 pair of gloves
 m - a +1 buckler (worn)
 L - a +2 robe of positive energy (worn)
 S - the cursed +0 pair of gloves "Mafet" (worn) {rC- MR++ Regen+ rCorr}
   (You bought it in a shop on level 9 of the Dungeon)

   It makes you vulnerable to cold.
   It affects your resistance to hostile enchantments.
   It increases your rate of regeneration.
   It protects you from acid and corrosion.
   It has a curse placed upon it.
 T - a +2 hat of magic resistance (worn)
Jewellery
 h - an uncursed ring of protection from fire
 H - a ring of wizardry (right hand)
 Q - a ring of resist corrosion (left hand)
Wands
 l - a wand of enslavement (13/24)
 A - a wand of digging (9/24)
 G - a wand of polymorph (9/24)
 K - a wand of flame (28/48)
 R - a wand of paralysis (14/24)
 U - a wand of acid (4/15)
Scrolls
 i - a scroll of blinking
 j - 10 scrolls of teleportation
 n - 2 scrolls of identify
 q - 2 scrolls of fear
 w - a scroll of magic mapping
 y - a scroll of noise
 B - 3 scrolls of enchant armour
 O - 8 scrolls of remove curse
 P - a scroll of recharging
Potions
 o - a potion of magic
 p - 2 potions of berserk rage
 t - 2 potions of ambrosia
 x - a potion of might
 z - 2 potions of mutation
 C - 3 potions of agility
 D - 5 potions of curing
 E - a potion of heal wounds
 F - a potion of flight
 N - 3 potions of lignification
 W - a potion of brilliance {unknown}
Books
 c - a book of Party Tricks

   Spells                             Type                      Level
   a - Summon Butterflies             Summoning                    1
   b - Apportation                    Translocation                1
   c - Lesser Beckoning               Translocation                3
   d - Tukima's Dance                 Hexes                        3
   e - Alistair's Intoxication        Transmutation/Poison         5
   f - Invisibility                   Hexes                        6
 e - a book of Geomancy

   Spells                             Type                      Level
   a - Sandblast                      Earth                        1
   b - Passwall                       Transmutation/Earth          2
   c - Stone Arrow                    Conjuration/Earth            3
   d - Petrify                        Transmutation/Earth          4
   e - Lee's Rapid Deconstruction     Earth                        5
 I - a book of Enchantments

   Spells                             Type                      Level
   a - Cause Fear                     Hexes                        4
   b - Yara's Violent Unravelling     Hexes/Transmutation          5
   c - Silence                        Hexes/Air                    5
   d - Deflect Missiles               Charms/Air                   6
   e - Discord                        Hexes                        8
 J - a book of Maledictions

   Spells                             Type                      Level
   a - Corona                         Hexes                        1
   b - Ensorcelled Hibernation        Hexes/Ice                    2
   c - Confuse                        Hexes                        3
   d - Tukima's Dance                 Hexes                        3
   e - Dazzling Spray                 Conjuration/Hexes            3
Comestibles
 s - 5 fruits
 u - 3 meat rations
 v - 7 bread rations
 M - 10 royal jellies
 V - 2 chunks of flesh


   Skills:
 - Level 1.5 Dodging
 - Level 2.1 Stealth
 - Level 4.0 Shields
 + Level 11.7 Spellcasting
 - Level 0.7 Transmutations
 + Level 14.8 Earth Magic


You had 22 spell levels left.
You knew the following spells:

 Your Spells              Type           Power        Failure   Level  Hunger
a - Sandblast             Erth           ######       0%          1    None
b - Stone Arrow           Conj/Erth      #####.       1%          3    None
c - Passwall              Tmut/Erth      #####.....   1%          2    None
d - Lee's Rapid Deconstr  Erth           ######....   1%          5    ####...


Dungeon Overview and Level Annotations

Branches:
Dungeon (11/15)            Temple (1/1) D:7            Lair (0/6) D:11
    Orc (0/2) D:9

Altars:
Ashenzari
Cheibriados
Dithmenos
Elyvilon
Fedhas
Gozag
Hepliaklqana
Kikubaaqudgha
Makhleb
Nemelex Xobeh
Okawaru
Qazlal
Ru
Sif Muna
Trog
Uskayaw
Vehumet
Wu Jian
Xom
Yredelemnul
Zin
The Shining One
Beogh

Shops:
D:8 =   D:9 [

Annotations:
D:6 1 runed door


Innate Abilities, Weirdness & Mutations

You are resistant to torment.
Your stone body is resilient. (AC +8)
You are immune to poison.
You resist negative energy. (rN+)
You are resistant to electric shocks. (rElec)
You can survive without breathing.
You are immune to petrification.
You are immune to rotting.


Message History

Confirm with . or Enter, or press ? or * to list all spells.
Aiming: Sandblast
Press: ? - help, Shift-Dir - straight line, f/p - Urug
Aim: Urug, wielding a great mace of holy wrath and wearing a chain mail (almost dead)
The blast of sand misses Urug.
b - 99 stones Urug hits you with a great mace of holy wrath!!
* * * LOW HITPOINT WARNING * * *
Casting: Sandblast
Confirm with . or Enter, or press ? or * to list all spells.
Aiming: Sandblast
Press: ? - help, Shift-Dir - straight line, f/p - Urug
Aim: Urug, wielding a great mace of holy wrath and wearing a chain mail (almost dead)
The blast of sand hits Urug.
You kill Urug!
Vehumet accepts your kill.
You feel your power returning.
b - 98 stones You block the vampire's attack.
The vampire bites you!
You die...

P...P....## ##......#
.P.....##.###.#####.#
P..P######.#.## ...#
##.## ..#########.#
............#
..################
#.# #.........# #.#
#.#######@# #.# #.#
#V# #.# ##.##
#......#
#.#####...####
#..#.#V#
#............# #...
..
###.###....#......#.
.# #.# ##.#.#
###..... # #.# #.#.#
#.## ## #.# #.#.# #.#


You could see a vampire.

Vanquished Creatures
  2 two-headed ogres (D:10)
  Urug (D:11)
  The ghost of p0werm0de the Magician, a novice GnWz of Ashenzari (D:5)
  3 trolls
  A hippogriff (D:4)
  A wyvern (D:8)
  A human (D:7)
  8 yaks
  2 hogs (D:7)
  3 hungry ghosts
  A soldier ant (D:7)
  2 porcupines (D:11)
  3 sky beasts (D:9)
  2 black bears (D:10)
  Purgy (Sewer)
  9 orc warriors
  2 phantoms
  12 ogres
  4 centaurs
  A crocodile (D:8)
  5 big kobolds
  Blork the orc (D:6)
  A wyvern zombie (D:10)
  5 bullfrogs
  2 gnoll sergeants
  3 scorpions
  3 killer bees (D:9)
  2 howler monkeys
  3 crimson imps
  2 centaur zombies
  A jelly (D:9)
  4 hounds
  2 orc priests
  A bullfrog skeleton (D:6)
  3 centaur skeletons
  Crazy Yiuf (D:2)
  11 orc wizards
  4 iguanas
  7 worker ants
  A hound skeleton (D:8)
  2 worker ant zombies
  16 gnolls
  A howler monkey skeleton (D:4)
  11 adders
  2 shadow imps
  3 oozes (D:3)
  2 worms (D:2)
  3 dart slugs
  A leopard gecko (D:10)
  48 orcs
  14 bats
  9 giant cockroaches
  5 goblins
  4 hobgoblins
  17 jackals
  10 kobolds
  2 quokkas
  5 ball pythons
  9 frilled lizards
  A jackal skeleton (D:5)
  2 jackal zombies
  A kobold skeleton (D:6)
  2 quokka skeletons
  7 rats
299 creatures vanquished.

Vanquished Creatures (others)
  A fungus (D:11)
1 creature vanquished.

Grand Total: 300 creatures vanquished

Notes
Turn   | Place    | Note
-------+----------+-------------------------------------------
     0 | D:1      | kae the Gargoyle Earth Elementalist began the quest for the Orb.
     0 | D:1      | Reached XP level 1. HP: 10/10 MP: 3/3
   430 | D:1      | Reached skill level 4 in Earth Magic
   430 | D:1      | Reached XP level 2. HP: 12/15 MP: 5/5
  1092 | D:2      | Reached XP level 3. HP: 10/19 MP: 4/6
  1716 | D:2      | Reached XP level 4. HP: 17/24 MP: 5/8
  1863 | D:2      | Found a runed door.
  1900 | D:2      | Learned a level 2 spell: Passwall
  1904 | D:2      | Learned a level 3 spell: Stone Arrow
  1924 | D:2      | Reached skill level 1 in Shields
  2326 | D:2      | Reached skill level 5 in Earth Magic
  2555 | D:2      | Noticed Crazy Yiuf
  2560 | D:2      | Killed Crazy Yiuf
  2560 | D:2      | Reached XP level 5. HP: 28/28 MP: 2/10
  2611 | D:3      | Found an iron altar of Okawaru.
  2650 | D:3      | Found a shattered altar of Ashenzari.
  2960 | D:3      | Found a glowing drain.
  2985 | Sewer    | Entered a sewer
  3045 | Sewer    | Noticed Purgy
  3059 | Sewer    | Killed Purgy
  3059 | Sewer    | Reached XP level 6. HP: 32/32 MP: 4/12
  3630 | D:4      | Reached skill level 6 in Earth Magic
  3948 | D:4      | Reached XP level 7. HP: 36/36 MP: 11/13
  3976 | D:4      | Learned a level 5 spell: Lee's Rapid Deconstruction
  4051 | D:4      | Found a shimmering altar of Xom.
  4057 | D:4      | Found a shimmering altar of Xom.
  4058 | D:4      | Found a shimmering altar of Xom.
  4058 | D:4      | Found a shimmering altar of Xom.
  4060 | D:4      | Found a shimmering altar of Xom.
  4060 | D:4      | Found a shimmering altar of Xom.
  4359 | D:4      | Reached skill level 7 in Earth Magic
  4418 | D:4      | Reached skill level 5 in Spellcasting
  4509 | D:4      | Noticed a hippogriff
  4515 | D:4      | Killed a hippogriff
  4515 | D:4      | Reached XP level 8. HP: 7/41 MP: 7/16
  5080 | D:5      | Entered Level 5 of the Dungeon
  5146 | D:5      | Reached skill level 8 in Earth Magic
  5344 | D:5      | You fall through a shaft!
  5344 | D:6      | Found a shimmering altar of Xom.
  5500 | D:6      | Found a runed door.
  5512 | D:6      | Reached skill level 9 in Earth Magic
  5590 | D:6      | Found a basalt altar of Yredelemnul.
  5934 | D:5      | Noticed p0werm0de's ghost (novice GnWz)
  5952 | D:5      | Killed p0werm0de's ghost
  5952 | D:5      | Reached skill level 10 in Earth Magic
  5952 | D:5      | Reached XP level 9. HP: 40/45 MP: 8/20
  6371 | D:6      | Found a hazy altar of Hepliaklqana.
  6813 | D:6      | Found a hide-covered altar of Uskayaw.
  6894 | D:6      | Noticed Blork the orc
  6900 | D:6      | Killed Blork the orc
  7387 | D:7      | Found a blossoming altar of Fedhas.
  7408 | D:7      | Reached skill level 11 in Earth Magic
  7518 | D:7      | Found a stormy altar of Qazlal.
  7535 | D:7      | Found a staircase to the Ecumenical Temple.
  7592 | Temple   | Entered the Ecumenical Temple
  7753 | Temple   | Became a worshipper of Vehumet
  7921 | D:7      | Reached XP level 10. HP: 45/50 MP: 12/22
  8156 | D:8      | Reached skill level 12 in Earth Magic
  8340 | D:8      | Found Adisoova's Jewellery Boutique.
  8471 | D:8      | Bought a cursed ring of loudness for 54 gold pieces
  8471 | D:8      | Bought a cursed -3 ring of evasion for 24 gold pieces
  8529 | D:8      | Reached * piety under Vehumet
  8529 | D:8      | Offered knowledge of Sting by Vehumet.
  8885 | D:8      | Found a roughly hewn altar of Beogh.
  9244 | D:8      | Offered knowledge of Searing Ray by Vehumet.
  9321 | D:9      | Reached ** piety under Vehumet
  9494 | D:9      | Reached skill level 10 in Spellcasting
  9670 | D:9      | Reached skill level 13 in Earth Magic
 10330 | D:9      | Found a staircase to the Orcish Mines.
 10357 | D:9      | Offered knowledge of Static Discharge by Vehumet.
 10357 | D:9      | Reached XP level 11. HP: 42/54 MP: 3/25
 10595 | D:9      | Found Dyogeahu's Antique Armour Boutique.
 10603 | D:9      | Bought a pair of jewelled gloves for 266 gold pieces
 10613 | D:9      | Identified the cursed +0 pair of gloves "Mafet" {rC- MR++ Regen+ rCorr} (You bought it in a shop on level 9 of the Dungeon)
 10739 | D:9      | Found a deep blue altar of Sif Muna.
 10772 | D:10     | Entered Level 10 of the Dungeon
 10777 | D:10     | Reached *** piety under Vehumet
 10913 | D:10     | Noticed a two-headed ogre
 10922 | D:10     | Killed a two-headed ogre
 11014 | D:10     | Reached skill level 14 in Earth Magic
 11064 | D:10     | Noticed a two-headed ogre
 11069 | D:10     | Killed a two-headed ogre
 11097 | D:10     | Offered knowledge of Throw Icicle by Vehumet.
 12044 | D:11     | Found a staircase to the Lair.
 12073 | D:11     | Noticed Urug
 12084 | D:11     | Killed Urug
 12084 | D:11     | Slain by a vampire

Vault maps used:
D:1:      lightli_arrival_isolated_outpost
D:2:      uniq_crazy_yiuf_cottage
D:3:      okawaru_trees_2, first_bread, portal_sewer_entry_e,
          hangedman_decor_lopped, cheibrodos_ashenzari_chains
D:4:      xom_redecorated
D:5:      hangedman_minor_gate_pass
D:6:      kennysheep_mini_moat, lemuel_round_altar, basic_altar,
          hangedman_decor_peaks_small, dk_yredelemnul_ordeal, uniq_blork_the_orc
D:7:      grunt_temple_overflow_forces_of_nature,
          minmay_temple_entry_glassed_door, grunt_livestock
D:8:      special_room, serial_shops, shop
D:9:      lemuel_blue_sif_altar, kennysheep_orc_monster_closet_entryway,
          serial_shops, shop
D:10:     minivault_23
D:11:     grunt_lair_entry_orc_guard_hut, uniq_urug
Temple:   nicolae_temple_elliptical
Sewer:    sewer_big_baddie

Skill      XL: |  1  2  3  4  5  6  7  8  9 10 11 |
---------------+----------------------------------+-----
Earth Magic    | 4 5 6 7 10 11 13 14 | 14.8
Spellcasting   | 3 4 5 7 8 10 11 | 11.7
Shields        | 1 2 3 4 |  4.0
Dodging        | |  1.5
Stealth        | |  2.1
Transmutations | |  0.7

Action                   |  1- 3 |  4- 6 |  7- 9 | 10-12 || total
-------------------------+-------+-------+-------+-------++-------
Melee: Club              |   130 |    49 |       |       ||   179
       Unarmed           |     8 |       |       |       ||     8
       Mace              |       |   125 |   110 |   139 ||   374
 Cast: Sandblast         |    26 |    32 |    71 |   127 ||   256
       Stone Arrow       |       |    11 |    53 |   142 ||   206
       Lee's Rapid Decon |       |       |       |     1 ||     1
  Use: Scroll            |     1 |     8 |    10 |     5 ||    24
       Potion            |       |     2 |       |     2 ||     4
 Stab: Sleeping          |     1 |     5 |     3 |     1 ||    10
  Eat: Chunk             |     3 |     4 |    14 |    16 ||    37
       Bread ration      |       |     1 |       |       ||     1
Armor: Robe              |    88 |   128 |    51 |   139 ||   406
       Skin              |       |       |     3 |       ||     3
Dodge: Dodged            |   138 |   167 |   108 |   136 ||   549
Block: Buckler           |     4 |    56 |    37 |    74 ||   171

Table legend:
 A = Spawn XP
 B = Non-spawn XP
 C = Spawn XP percentage of total XP
 D = Spawn monster count
 E = Non-spawn monster count
 F = Spawn count percentage of total count
 G = Total turns spent on level
                    A         B        C        D         E        F      G
               +---------+---------+-------+---------+---------+-------+---------
         Total |       0 |   16537 |   0.0 |       0 |     299 |   0.0 | 12084
               +---------+---------+-------+---------+---------+-------+---------
           D:1 |       0 |      24 |   0.0 |       0 |      15 |   0.0 |  1131
           D:2 |       0 |     176 |   0.0 |       0 |      32 |   0.0 |  1477
           D:3 |       0 |     143 |   0.0 |       0 |      36 |   0.0 |  1072
           D:4 |       0 |     917 |   0.0 |       0 |      26 |   0.0 |  1249
           D:5 |       0 |    1092 |   0.0 |       0 |       9 |   0.0 |   628
           D:6 |       0 |     736 |   0.0 |       0 |      24 |   0.0 |  1289
           D:7 |       0 |    2082 |   0.0 |       0 |      25 |   0.0 |   958
           D:8 |       0 |    1724 |   0.0 |       0 |      39 |   0.0 |  1165
           D:9 |       0 |    3243 |   0.0 |       0 |      40 |   0.0 |  1470
          D:10 |       0 |    4361 |   0.0 |       0 |      32 |   0.0 |   967
          D:11 |       0 |    1902 |   0.0 |       0 |      15 |   0.0 |   345
         Sewer |       0 |     137 |   0.0 |       0 |       6 |   0.0 |   151
               +---------+---------+-------+---------+---------+-------+---------
